 Dungeon Crawl Stone Soup version 0.27-a0-406-g23f261fbd2 (webtiles) character file.

Game seed: 15814319220570976334

432 jiml777 the Gusty (level 6, 0/41 HPs)
             Began as a Demonspawn Air Elementalist on Feb 22, 2021.
             Slain by an orc
             ... wielding a +0 hand axe
              (4 damage)
             ... on level 4 of the Dungeon.
             The game lasted 00:35:04 (3518 turns).

jiml777 the Gusty (Demonspawn Air Elementalist)     Turns: 3518, Time: 00:35:04

Health: 0/41       AC:  3    Str:  8    XL:     6   Next: 67%
Magic:  2/11       EV: 12    Int: 19    God:
Gold:   128        SH:  4    Dex: 13    Spells: 2/12 levels left

rFire    + . .     SeeInvis .   r - +2 quarterstaff (chaos)
rCold    + . .     Faith    .   (shield currently unavailable)
rNeg     . . .     Spirit   .   a - +0 robe
rPois    +         Reflect  .   (no helmet)
rElec    .         Harm     .   s - scarf {rC+ rF+}
rCorr    .         Rampage  .   y - +0 pair of gloves
Will     .....                  (no boots)
Stlth    ++........             c - amulet of magic regeneration
HPRegen  0.13/turn              i - ring of poison resistance
MPRegen  0.37/turn              (no ring)

@: very slightly contaminated, hasted, very quick
A: hooves 1, large bone plates 1, powered by pain 2, demonic magic 1
a: no special abilities


You were on level 4 of the Dungeon.
You visited 1 branch of the dungeon, and saw 4 of its levels.

You collected 128 gold pieces.

Inventory:

Hand Weapons
 m - a +0 short sword
 r - a +2 quarterstaff of chaos (weapon)
 w - a +0 hunting sling
Missiles
 h - 25 bolts
 j - 144 stones
 o - 18 poisoned darts
Armour
 a - a +0 robe (worn)
 q - a +0 cloak
 s - a scarf of resistance (worn)
 y - a +0 pair of gloves (worn)
Jewellery
 c - an amulet of magic regeneration (around neck)
 i - a ring of poison resistance (left hand)
Wands
 p - a wand of random effects (35)
 z - a wand of charming (6)
Scrolls
 b - 3 scrolls of identify
 f - 3 scrolls of enchant weapon {unknown}
 g - 3 scrolls of teleportation {unknown}
 t - a scroll of fog {unknown}
 x - 2 scrolls of blinking {unknown}
Potions
 d - 3 potions of cancellation
 e - a potion of curing
 k - a potion of lignification
 l - a potion of haste
 n - a potion of invisibility
 u - 2 potions of mutation
 v - a potion of flight {unknown}


   Skills:
 + Level 0.2 Fighting
 + Level 0.9 Staves
 + Level 2.3 Dodging
 + Level 2.3 Stealth
 + Level 3.8 Spellcasting
 + Level 2.8 Conjurations
 + Level 4.5 Air Magic
 * Level 1.1 Evocations


You had 2 spell levels left.
You knew the following spells:

 Your Spells              Type           Power        Failure   Level
a - Shock                 Conj/Air       68%          3%          1
b - Swiftness             Air            20%          3%          2
c - Static Discharge      Conj/Air       17%          10%         3
d - Airstrike             Air            10%          22%         4

Your spell library contained the following spells:

 Spells                   Type           Power        Failure   Level
 Lightning Bolt           Conj/Air       8%           65%         5


Dungeon Overview and Level Annotations

Branches:
Dungeon (4/15)
 Temple: D:4-7

Altars:
Nemelex Xobeh
Vehumet


Innate Abilities, Weirdness & Mutations

You have large cloven feet.
You are partially covered in large bone plates. (SH +4)
You sometimes gain power by taking damage.
Spells you cast may paralyse adjacent enemies.


Message History

The orc wizard is struck by an arc of lightning.
The orc wizard is almost dead.
You are struck by an arc of lightning.
The lightning grounds out.
Malevolent energies surge around you.
The leopard gecko suddenly stops moving!
The phantom hits you.
The orc wizard hits you with a +0 dagger.
The orc priest casts a cantrip, but nothing happens.
Casting: Static Discharge (dangerous; 10% risk of failure)
Confirm with . or Enter, or press ? or * to list all spells.
The leopard gecko is struck by an arc of lightning!
You kill the leopard gecko!
The orc priest is struck by an arc of lightning.
The orc priest is moderately wounded.
The lightning grounds out.
Malevolent energies surge around you.
The orc wizard suddenly stops moving!
The phantom suddenly stops moving!
Casting: Static Discharge (dangerous; 10% risk of failure)
Confirm with . or Enter, or press ? or * to list all spells.
You don't have enough magic to cast this spell.
You thump the orc priest! You freeze the orc priest.
The orc priest is almost dead.
The orc priest looks satisfied for a moment.
You hit the orc priest. You freeze the orc priest.
You kill the orc priest!
The phantom is no longer paralysed.
The orc is no longer paralysed.
The orc hits you but does no damage. The phantom hits you.
You hit the orc.
The orc is heavily wounded.
The orc wizard is no longer paralysed.
Something hits you.
* * * LOW HITPOINT WARNING * * *
The orc wizard points at you and mumbles some strange words.
You resist with some effort. The orc hits you with a +0 hand axe.
* * * LOW HITPOINT WARNING * * *
You block the phantom's attack.
The orc wizard hits you with a +0 dagger.
* * * LOW HITPOINT WARNING * * *
Something hits you.
* * * LOW HITPOINT WARNING * * *
You feel yourself speed up. The orc hits you with a +0 hand axe.
You die...

.........)))...##
...#...####.#...#####
#.###.###..#........#
#. #.# #.#.#...###.#
# ... #.#.##.## ....
# #. #.# ..... #. #.#
.#... ...#.##.####
........W@o#
#..#.#.#).o# #
#...#.# ..........
...#...#...... ..
##.# #.##.## .. .. .#
.._ ... . .#.. .#.


You could see a phantom, an orc wizard and an orc.

Vanquished Creatures
  A scorpion (D:4)
  Crazy Yiuf (D:2)
  3 orc priests (D:4)
  Terence (D:3)
  Jessica (D:2)
  Ijyb (D:3)
  Natasha (D:2)
  Robin (D:3)
  A howler monkey skeleton (D:4)
  6 adders
  An adder skeleton (D:4)
  2 worms
  2 leopard geckos
  4 orcs
  4 giant cockroaches
  19 goblins
  11 hobgoblins
  A quokka (D:3)
  A ball python (D:3)
  7 bats
  3 frilled lizards
  8 kobolds
  A quokka skeleton (D:4)
  9 rats
90 creatures vanquished.

Notes
Turn   | Place    | Note
-------+----------+-------------------------------------------
     0 | D:1      | jiml777 the Demonspawn Air Elementalist began the quest for
                  | the Orb.
     0 | D:1      | Reached XP level 1. HP: 13/13 MP: 3/3
    89 | D:1      | Found a sparkling altar of Nemelex Xobeh.
   127 | D:1      | Reached skill level 3 in Air Magic
   485 | D:1      | Gained mutation: Spells you cast may paralyse adjacent
                  | enemies. [demonic ancestry]
   485 | D:1      | Reached XP level 2. HP: 19/19 MP: 3/5
  1090 | D:2      | Gained mutation: You sometimes gain a little power by
                  | taking damage. [demonic ancestry]
  1090 | D:2      | Reached XP level 3. HP: 16/24 MP: 1/6
  1223 | D:2      | Noticed Jessica
  1226 | D:2      | Killed Jessica
  1281 | D:2      | Found a runed translucent door.
  1282 | D:2      | Noticed Crazy Yiuf
  1489 | D:2      | Gained mutation: You sometimes gain power by taking damage.
                  | [demonic ancestry]
  1489 | D:2      | Reached XP level 4. HP: 30/30 MP: 4/7
  1962 | D:2      | Noticed Natasha
  1969 | D:2      | Killed Natasha
  2073 | D:2      | Killed Crazy Yiuf
  2178 | D:3      | Noticed Terence
  2194 | D:3      | Killed Terence
  2195 | D:3      | Gained mutation: You are partially covered in large bone
                  | plates. (SH +4) [demonic ancestry]
  2195 | D:3      | Reached XP level 5. HP: 35/35 MP: 4/10
  2384 | D:3      | Noticed Robin
  2403 | D:3      | Killed Robin
  2404 | D:3      | Reached skill level 4 in Air Magic
  2589 | D:3      | Noticed Ijyb
  2612 | D:3      | Learned a level 2 spell: Swiftness
  2616 | D:3      | Learned a level 3 spell: Static Discharge
  2621 | D:3      | Learned a level 4 spell: Airstrike
  2631 | D:3      | Killed Ijyb
  2932 | D:3      | Gained mutation: You have large cloven feet. [demonic
                  | ancestry]
  2932 | D:3      | Reached XP level 6. HP: 41/41 MP: 11/11
  3496 | D:4      | Found a radiant altar of Vehumet.
  3500 | D:4      | Reached skill level 1 in Evocations
  3518 | D:4      | Slain by an orc

Illustrated notes

Levels and vault maps discovered:
D:1:      amcnicky_arrival_wind_blow, layout_rooms, st_stairs_13,
          nemelex_altar_shiori
D:2:      layout_loops_corners, small_statue_intersection, uniq_natasha,
          uniq_crazy_yiuf_cottage, uniq_jessica
D:3:      kennysheep_the_goblin_king, layout_basic, minmay_between, uniq_ijyb,
          uniq_terence, uniq_robin
D:4:      layout_loops_ring, vehumet_crystals, serial_shops, shop

Skill      XL: |  1  2  3  4  5  6 |
---------------+-------------------+-----
Air Magic      | 3 4 |  4.5
Dodging        | 2 |  2.3
Stealth        | 2 |  2.3
Spellcasting   | 3 |  3.8
Conjurations   | 2 |  2.8
Evocations     | 1 |  1.1
Fighting       | |  0.2
Staves         | |  0.9

Action                   |  1- 3 |  4- 6 || total
-------------------------+-------+-------++-------
Melee: Unarmed           |     7 |       ||     7
       Quarterstaff      |       |    41 ||    41
       Kick              |       |     2 ||     2
 Cast: Shock             |    51 |    95 ||   146
       Airstrike         |       |     6 ||     6
       Static Discharge  |       |     3 ||     3
  Use: Scroll            |     3 |     2 ||     5
       Potion            |       |     3 ||     3
 Stab: Paralysed         |       |     3 ||     3
Armor: Robe              |     2 |    17 ||    19
Dodge: Dodged            |     9 |    47 ||    56
Block: Other             |       |     5 ||     5

Table legend: (Time is in decaauts)
 A = Elapsed time spent in this place.
 B = Non-inter-level travel time spent in this place.
 C = Inter-level travel time spent in this place.
 D = Time resting spent in this place.
 E = Time spent auto-exploring this place.
 F = Levels seen in this place.
 G = Mean time per level.
                   A        B        C        D        E       F      G
               +--------+--------+--------+--------+--------+-----+--------+
         Total |   3527 |   3473 |     54 |   1062 |   1496 |   4 |  881.8 |
       Dungeon |   3527 |   3473 |     54 |   1062 |   1496 |   4 |  881.8 |
               +--------+--------+--------+--------+--------+-----+--------+

Top non-repeatable levels by time:
     D:2: 1345 daAuts
     D:3: 1123 daAuts
     D:1: 773 daAuts
     D:4: 284 daAuts
